AoeStats
← Tysanti

MegaRandom

509981165Analyzed
3v3 RM · 4d ago on Sep 28, 2026· 90m 22s· 6 players
Game mode
Random Map
Map size
Normal (6 player)
Population
200
Speed
Normal
Resources
Standard
Victory
Conquest
Starting age
Dark Age
Ending age
Imperial Age
RankedLock teamsTeams togetherTeam positionsShared explorationLock speedFull tech treeHidden civsTurbo modeCheats
Victory
Defeat
🇺🇸 Spanish · United States
634
+17
🇺🇸 Portuguese · United States
630
+18
🇺🇸 Bengalis · United States
609
+18
🇺🇸 Vikings · United States
817
-23
🇵🇪 Muisca · Peru
750
-21
🇦🇷 Khmer · Argentina
426
-9
PicPlaysGMEs
0:33 Loom
18:05 Feudal Age
18:32 Double-Bit Axe
19:26 Wheelbarrow
19:34 Horse Collar
24:01 Castle Age
23:41 Fletching
24:03 Forging
23:54 Scale Mail Armor
23:55 Padded Archer Armor
26:32 Bow Saw
27:19 Heavy Plow
27:35 Arson
27:36 Gambesons
30:58 Ballistics
30:35 Murder Holes
30:54 Crossbowman
32:03 Man-at-Arms
32:45 Squires
32:54 Long Swordsman
34:07 Caravan
39:49 Imperial Age
38:46 Masonry
41:58 Two-Man Saw
40:46 Two-Handed Swordsman
42:06 Iron Casting
41:47 Chain Mail Armor
41:28 Bodkin Arrow
42:10 Champion
46:34 Arbalester
48:59 Chemistry
47:45 Arrowslits
48:31 Architecture
48:52 Conscription
50:38 Leather Archer Armor
51:44 Blast Furnace
53:32 Ring Archer Armor
53:03 Bracer
63:30 Mahayana
87:19 Spies/Treason
Master Suknip
12:16 Feudal Age
11:12 Loom
11:16 Loom
13:25 Double-Bit Axe
16:29 Wheelbarrow
15:40 Loom
15:51 Horse Collar
18:57 Wheelbarrow
18:07 Loom
19:33 Forging
19:28 Scale Barding Armor
20:11 Bloodlines
20:01 Stone Mining
20:46 Loom
23:13 Castle Age
23:35 Gold Mining
23:35 Light Cavalry
25:38 Husbandry
26:34 Iron Casting
26:02 Loom
26:08 Loom
29:19 Fletching
29:50 Chain Barding Armor
35:26 Imperial Age
37:57 Bodkin Arrow
41:43 Murder Holes
42:23 Heavy Plow
49:47 Hand Cart
50:11 Supremacy
51:02 Guilds
54:28 Ballistics
55:11 Chemistry
55:14 Blast Furnace
54:50 Plate Barding Armor
54:16 Bracer
53:39 Hussar
71:51 Conscription
72:09 Hoardings
86:02 Spies/Treason
Wogsy2010
2:23 Loom
13:28 Feudal Age
14:56 Gold Mining
14:54 Double-Bit Axe
14:52 Horse Collar
17:56 Fletching
21:39 Wheelbarrow
26:11 Castle Age
25:52 Arson
26:44 Crossbowman
28:47 Bow Saw
28:42 Heavy Plow
30:22 Bodkin Arrow
33:02 Forging
33:53 Stone Mining
34:12 Caravan
40:33 Imperial Age
39:19 Murder Holes
40:26 Treadmill Crane
40:35 Onager
42:00 Conscription
43:39 Cavalier
45:40 Arquebus
47:27 Scale Barding Armor
48:58 Chemistry
49:30 Chain Barding Armor
50:39 Husbandry
50:52 Bloodlines
58:30 Ballistics
58:31 Bombard Tower
62:16 Siege Engineers
65:42 Plate Barding Armor
65:08 Scale Mail Armor
65:44 Iron Casting
65:09 Bracer
65:10 Padded Archer Armor
74:06 Hand Cart
78:41 Circumnavigation
78:02 Elite Organ Gun
81:07 Chain Mail Armor
81:52 Blast Furnace
81:09 Leather Archer Armor
82:11 Plate Mail Armor
87:31 Atonement
87:42 Fervor
87:48 Block Printing
87:33 Devotion
87:29 Herbal Medicine
88:10 Theocracy
87:55 Sanctity
89:12 Spies/Treason
Tysanti
11:41 Feudal Age
10:13 Loom
14:04 Horse Collar
15:04 Double-Bit Axe
21:43 Castle Age
20:57 Wheelbarrow
24:37 Heavy Plow
25:33 Bow Saw
25:42 Guard Tower
27:03 Masonry
27:56 Fortified Wall
28:07 Ballistics
leonedu
11:43 Feudal Age
10:02 Loom
17:24 Castle Age
17:07 Double-Bit Axe
17:21 Gold Mining
17:23 Stone Mining
21:58 Wheelbarrow
21:46 Horse Collar
25:13 Fervor
27:50 Fletching
28:00 Padded Archer Armor
28:11 Forging
29:09 Hand Cart
29:59 Town Watch
31:15 Heavy Plow
31:26 Bow Saw
32:01 Stone Shaft Mining
32:02 Gold Shaft Mining
32:13 Redemption
32:24 Sanctity
33:08 Herbalism
33:10 Scale Mail Armor
33:46 Iron Casting
33:06 Bodkin Arrow
33:29 Leather Archer Armor
34:25 Town Patrol
35:30 Chain Mail Armor
39:23 Imperial Age
36:38 Pikeman
37:18 Squires
36:45 Champi Runner
36:56 Elite Skirmisher
39:11 Masonry
38:58 Murder Holes
39:25 Ballistics
38:46 Treadmill Crane
40:46 Conscription
40:59 Plate Mail Armor
40:30 Bracer
41:33 Chemistry
42:16 Crop Rotation
43:30 Hoardings
42:21 Champi Warrior
42:22 Elite Temple Guard
43:03 Elite Champi Warrior
45:56 Elite Guecha Warrior
55:36 Thumb Ring
58:54 Huaracas
77:44 Siege Engineers
77:02 Onager
77:13 Heavy Scorpion
90:23 Two-Man Saw
The Reich
14:15 Feudal Age
18:55 Horse Collar
23:07 Castle Age
21:40 Fletching
22:46 Padded Archer Armor
22:49 Gold Mining
22:48 Double-Bit Axe
23:31 Crossbowman
24:11 Bodkin Arrow
27:36 Pikeman
32:54 Loom
33:33 Ballistics
33:33 Leather Archer Armor
33:20 Scale Mail Armor
33:31 Forging
46:01 Imperial Age
55:55 Chain Mail Armor
55:55 Fortified Wall
55:20 Elite Varangian Guard
57:11 Iron Casting
57:13 Plate Mail Armor
59:19 Heavy Plow
62:47 Squires
64:03 Iron Casting
64:18 Arson
66:02 Blast Furnace
72:39 Elite Skirmisher
73:25 Bracer
77:35 Caravan
Connection lost

Rejoining the realm…

Still unreachable

The connection could not be restored.

Session expired

The server has moved on; the page needs a fresh start.